 Dungeon Crawl Stone Soup version 0.30-a0-924-g0ad0bf95bc (webtiles) character file.

Game seed: 9224421453220218469

24 lunkers the Cudgeller (level 3, -3/29 HPs)
             Began as a Meteoran Reaver on Mar 22, 2023.
             Slain by a goblin
             ... wielding a +0 club
             ... led by Robin
              (6 damage)
             ... on level 2 of the Dungeon.
             The game lasted 00:02:38 (506 turns).

lunkers the Cudgeller (Meteoran Reaver)              Turns: 506, Time: 00:02:39

Health: -3/29      AC:  3    Str: 15    XL:     3   Next: 32%
Magic:  8/8        EV: 12    Int: 14    God:
Gold:   36         SH:  0    Dex: 13    Spells: 6/7 levels left

rFire   . . .      SeeInvis .    a - +0 mace
rCold   . . .      Faith    .    (no shield)
rNeg    . . .      Spirit   .    b - +0 leather armour
rPois   .          Reflect  .    (no helmet)
rElec   .          Rampage  .    (no cloak)
rCorr   .                        (no gloves)
Will    .....                    (no boots)
Stlth   +                        (no amulet)
HPRegen 0.24/turn                (no ring)
MPRegen 0.11/turn                (no ring)

@: glowing
A: sense surroundings 1, otherworldly, glowing, explore regen
a: no special abilities


You were on level 2 of the Dungeon.
You visited 1 branch of the dungeon, and saw 2 of its levels.

You collected 36 gold pieces.

Inventory:

Hand Weapons
 a - a +0 mace (weapon)
Armour
 b - a +0 leather armour (worn)
Scrolls
 d - 2 scrolls of identify {unknown}
 g - 2 scrolls of fear {unknown}
 h - a scroll of noise {unknown}
 j - a scroll of blinking {unknown}
Potions
 c - a potion of mutation {unknown}
 e - a potion of haste {unknown}
 f - a potion of flight {unknown}
 i - a potion of brilliance {unknown}


   Skills:
 - Level 2.1 Fighting
 + Level 5.4 Maces & Flails
 - Level 2.4 Dodging
 - Level 2.6 Spellcasting
 - Level 3.6 Conjurations


You had 6 spell levels left.
You knew the following spells:

 Your Spells              Type           Power      Damage    Failure   Level
p - Kiss of Death         Conj/Necr      24%        2d7       13%         1

Your spell library contained the following spells:

 Spells                   Type           Power      Damage    Failure   Level
 Momentum Strike          Conj/Tloc      12%        3d8       21%         2
 Hailstorm                Conj/Ice       6%         3d4       36%         3


Dungeon Overview and Level Annotations

Branches:
Dungeon (2/15) Zot: 682

Altars:

Annotations:
D:2 Robin


Innate Abilities, Weirdness & Mutations

You passively map a small area around you.
You are easily found by Zot.
You glow in the dark.
You regain HP and MP as you explore.


Message History

The goblin hits you but does no damage.
Robin roars a battlecry!
The goblin goes into a battle-frenzy!
The goblin hits you but does no damage.
You barely miss the goblin. The goblin closely misses you.
The goblin hits you with a +0 club.
* * * LOW HITPOINT WARNING * * *
Robin closely misses you.
You sock the goblin!
You kill the goblin!
The goblin misses you. Robin barely misses you.
You closely miss the goblin. The goblin barely misses you.
Robin hits you from afar with a +0 trident.
* * * LOW HITPOINT WARNING * * *
You sock the goblin!
You kill the goblin!
The goblin no longer looks unusually strong. x2
The goblin unwields a +0 club.
The goblin wields a +0 sling.
The goblin shoots a sling bullet.
The sling bullet closely misses you.
Robin laughs in a distinctly smug fashion.
Robin throws the goblin at you! Robin hits you but does no damage.
You hit the goblin.
The goblin is moderately wounded.
The goblin unwields a +0 sling.
The goblin wields a +0 club.
The goblin hits you but does no damage.
Robin roars a battlecry!
The goblins go into a battle-frenzy!
You barely miss the goblin.
The goblin is moderately wounded.
The goblin hits you with a +0 club.
* * * LOW HITPOINT WARNING * * *
Robin throws the goblin at you!
You barely miss the goblin.
The goblin is moderately wounded.
The goblin completely misses you. The goblin closely misses you.
The goblin hits you with a +0 club.
* * * LOW HITPOINT WARNING * * *
The goblin attacks as you move away! The goblin hits you but does no damage.
The goblin hits you with a +0 club.
You die...

###.......# ,
#.........# , ,*,
#.#.#.....#
#.........#**
#.#g#.....+ ,,
#g........#
#)####+####### ,
##g####.......# ,,
#)g@.....#....#
##............# ,
, #.###.#......#
#.#...#..(...+,
#.....#......#...,
###...#..<.......
#...#....<.....
#..)#.....##### *
#...#.......


You could see Robin and 2 goblins.

Vanquished Creatures
  A dart slug (D:1)
  2 ball pythons (D:1)
  3 endoplasms (D:1)
  5 goblins (D:2)
  2 hobgoblins (D:1)
  2 kobolds (D:1)
  A bat (D:1)
  A frilled lizard (D:1)
  2 rats (D:1)
19 creatures vanquished.

Notes
Turn   | Place    | Note
-------+----------+-------------------------------------------
     0 | D:1      | lunkers the Meteoran Reaver began the quest for the Orb.
     0 | D:1      | Reached XP level 1. HP: 17/17 MP: 5/5
   130 | D:1      | Reached XP level 2. HP: 20/24 MP: 6/6
   196 | D:1      | Reached skill level 5 in Maces & Flails
   390 | D:1      | Reached XP level 3. HP: 29/29 MP: 8/8
   482 | D:2      | Noticed Robin
   506 | D:2      | Slain by a goblin

Illustrated notes

Levels and vault maps discovered:
D:1:      dpeg_arrival_castle, layout_loops_corners, minmay_hexomino_p4
D:2:      layout_basic, serial_co_window_serial, co_window_paths_b,
          co_window_paths_a, co_window_corner_a, co_window_paths_b,
          co_window_cross_1, co_window_of_opportunity_a,
          co_window_of_opportunity_a, co_window_unsneaky_path_d,
          co_window_corner_ca, co_window_broadway_b, co_window_broadway_b,
          co_window_corner_cb, co_window_paths_c, co_window_2corner,
          glass_columns_a, glass_columns_a, glass_columns_a, uniq_sigmund,
          uniq_robin

Skill      XL: |  1  2 |
---------------+-------+-----
Maces & Flails | 5 |  5.4
Fighting       | |  2.1
Dodging        | |  2.4
Spellcasting   | |  2.6
Conjurations   | |  3.6

Action                     || total
---------------------------++-------
  Melee: Mace              ||    49
 Armour: Leather armour    ||    30
  Dodge: Dodged            ||    26

Table legend: (Time is in decaauts)
 A = Elapsed time spent in this place.
 B = Non-inter-level travel time spent in this place.
 C = Inter-level travel time spent in this place.
 D = Time resting spent in this place.
 E = Time spent auto-exploring this place.
 F = Levels seen in this place.
 G = Mean time per level.
                   A        B        C        D        E       F      G
               +--------+--------+--------+--------+--------+-----+--------+
         Total |    516 |    451 |     65 |      0 |    311 |   2 |  258.0 |
       Dungeon |    516 |    451 |     65 |      0 |    311 |   2 |  258.0 |
               +--------+--------+--------+--------+--------+-----+--------+

Top non-repeatable levels by time:
     D:1: 466 daAuts
     D:2: 50 daAuts
